 Dungeon Sprint DCSS version 0.19-a0-996-g3cba913 (webtiles) character file.

110 Musica the Arsonist (level 4, -7/24 HPs)
             Began as a Deep Elf Fire Elementalist on July 18, 2016.
             Killed from afar by Sigmund (8 damage)
             ... with a puff of flame
             ... in the Dungeon (Sprint I: "Red Sonja").
             The game lasted 00:01:34 (269 turns).

Musica the Arsonist (Deep Elf Fire Elementalist)     Turns: 269, Time: 00:01:35

Health: -7/24      AC:  2    Str:  5    XL:     4   Next: 61%
Magic:  5/14       EV: 13    Int: 21    God:
Gold:   0          SH:  0    Dex: 15    Spells: 3 memorised, 10 levels left

rFire  . . .     SeeInvis .     (no weapon)
rCold  . . .     Gourm    .     a - +0 robe
rNeg   . . .     Faith    .     (no shield)
rPois  .         Spirit   .     (no helmet)
rElec  .         Dismiss  .     (no cloak)
rCorr  .         Reflect  .     (no gloves)
SustAt .         Harm     .     (no boots)
MR     .....     NoTele   +     (no amulet)
Stlth  ++........               (no ring)
                                (no ring)

@: not resistant to hostile enchantments, unstealthy
A: no striking features
a: no special abilities


You were in the Dungeon.
You were not hungry.

You visited 1 branch

Inventory:

Armour
 a - a +0 robe (worn)
Scrolls
 i - a scroll of blinking
Potions
 d - a potion of curing
 e - a potion of heal wounds
 f - a potion of haste
 g - 2 potions of magic
 h - a potion of berserk rage
 j - a potion of cancellation {unknown}
Books
 b - a book of Flames

   Spells                             Type                      Level
   a - Flame Tongue                   Conjuration/Fire             1
   b - Throw Flame                    Conjuration/Fire             2
   c - Conjure Flame                  Conjuration/Fire             3
   d - Inner Flame                    Hexes/Fire                   3
   e - Sticky Flame                   Conjuration/Fire             4
   f - Fireball                       Conjuration/Fire             5
Comestibles
 c - a bread ration


   Skills:
 - Level 2.4 Dodging
 - Level 2.4 Stealth
 + Level 6.7 Spellcasting
 + Level 4.7 Conjurations
 + Level 8.0 Fire Magic


You had 10 spell levels left.
You knew the following spells:

 Your Spells              Type           Power        Failure   Level  Hunger
a - Flame Tongue          Conj/Fire      ####.        1%          1    None
b - Throw Flame           Conj/Fire      ####..       1%          2    None
c - Conjure Flame         Conj/Fire      ####....     1%          3    #......


Dungeon Overview and Level Annotations

Branches:
Dungeon (1/1)

Altars:

Annotations:
D Sigmund


Message History

Casting: Flame Tongue
Confirm with . or Enter, or press ? or * to list all spells.
You don't know that spell.
A magic dart appears from out of thin air!
The magic dart hits you! Something hits you but does no damage.
Unknown command.
Casting: Flame Tongue
Confirm with . or Enter, or press ? or * to list all spells.
You don't know that spell.
Something hits you!
* * * LOW HITPOINT WARNING * * *
Casting: Flame Tongue
Confirm with . or Enter, or press ? or * to list all spells.
Aiming: Flame Tongue
Press: ? - help, Shift-Dir - straight line You hear some strange, mumbled words.
A puff of flame appears from out of thin air!
The puff of flame hits you!
You die...

#############
#<.#..)...@.+
#..)..#..§{.#
#..#####+####
#..# #..#
#..# #⌠⌠#
####


There were no monsters in sight!

Vanquished Creatures
  An ogre (D)
  Ijyb (D)
2 creatures vanquished.

Vanquished Creatures (others)
  A gargoyle (D)
1 creature vanquished.

Grand Total: 3 creatures vanquished

Notes
Turn   | Place    | Note
-------+----------+-------------------------------------------
     0 | D        | Musica the Deep Elf Fire Elementalist began the quest for the Orb.
     0 | D        | Reached XP level 1. HP: 10/10 MP: 6/6
     2 | D        | Noticed Ijyb
    19 | D        | Killed Ijyb
    19 | D        | Reached skill level 5 in Fire Magic
    19 | D        | Reached XP level 2. HP: 15/15 MP: 0/9
   158 | D        | Killed a gargoyle
   200 | D        | Learned a level 2 spell: Throw Flame
   201 | D        | Noticed an ogre
   204 | D        | Killed an ogre
   204 | D        | Reached skill level 8 in Fire Magic
   204 | D        | Reached XP level 3. HP: 19/19 MP: 7/13
   204 | D        | Reached XP level 4. HP: 24/24 MP: 7/14
   209 | D        | Learned a level 3 spell: Conjure Flame
   256 | D        | Noticed Sigmund
   267 | D        | HP: 1/24 [something (11)]
   269 | D        | Killed from afar by Sigmund

Vault maps used:
D:        dungeon_sprint_1

Skill      XL: |  1  2 |
---------------+-------+-----
Spellcasting   | 4 6 |  6.7
Conjurations   | 3 4 |  4.7
Fire Magic     | 5 8 |  8.0
Dodging        | |  2.4
Stealth        | |  2.4

Action                   |  1- 3 |  4- 6 || total
-------------------------+-------+-------++-------
 Cast: Flame Tongue      |     7 |     8 ||    15
       Conjure Flame     |       |     1 ||     1
Dodge: Dodged            |     2 |     1 ||     3
